 Dungeon Crawl Stone Soup version 0.30-b1-2-g02819fbbbe (webtiles) character file.

Game seed: 14949541137919002233

1451 funkygono the Cleaver (level 8, -4/70 HPs)
             Began as a Minotaur Fighter on May 10, 2023.
             Was an Initiate of Okawaru.
             Killed from afar by an electric eel (7 damage)
             ... with a bolt of electricity
             ... on level 5 of the Dungeon.
             The game lasted 00:09:27 (5972 turns).

funkygono the Cleaver (Minotaur Fighter)            Turns: 5972, Time: 00:09:27

Health: -4/70      AC: 15    Str: 22    XL:     8   Next: 47%
Magic:  7/7        EV:  7    Int:  5    God:    Okawaru [......]
Gold:   340        SH:  5    Dex: 11    Spells: 7/7 levels left

rFire   . . .        a - +1 war axe
rCold   . . .        c - +0 buckler
rNeg    . . .        v - +0 plate armour
rPois   .            (helmet restricted)
rElec   .            (no cloak)
rCorr   .            (no gloves)
SInv    .            r - +1 pair of boots
Will    .....        j - amulet of magic regeneration Stlth
                     (no ring)
HPRegen 0.31/turn    (no ring)
MPRegen 0.50/turn

%: no passive effects
@: no status effects
A: horns 2, retaliatory headbutt
a: Renounce Religion


You were on level 5 of the Dungeon.
You worshipped Okawaru.
Okawaru was noncommittal.
You visited 2 branches of the dungeon, and saw 8 of its levels.

You collected 340 gold pieces.

Inventory:

Hand Weapons
 a - a +1 war axe (weapon)
Missiles
 m - 14 boomerangs
 p - a throwing net (quivered)
Armour
 c - a +0 buckler (worn)
 k - a +0 chain mail
 r - a +1 pair of boots (worn)
 v - a +0 plate armour (worn)
Jewellery
 j - an amulet of magic regeneration (around neck)
Scrolls
 e - a scroll of identify
 u - 2 scrolls of teleportation
 x - a scroll of vulnerability
Potions
 b - a potion of degeneration {unknown}
 d - 3 potions of might
 f - 3 potions of attraction
 g - 2 potions of mutation
 h - 3 potions of lignification {unknown}
 i - 4 potions of heal wounds
 l - 3 potions of curing
 n - a potion of cancellation {unknown}
 o - a potion of magic {unknown}
 q - a potion of brilliance {unknown}


   Skills:
 + Level 5.6 Fighting
 + Level 9.7 Axes
 + Level 6.9 Armour
 + Level 2.0 Dodging
 + Level 0.2 Stealth
 + Level 4.7 Shields


You had 7 spell levels left.
You didn't know any spells.
Your spell library contained the following spells:

 Spells                   Type           Power      Damage    Failure   Level
 Magic Dart               Conj           0%         1d3       100%        1
 Sublimation of Blood     Necr           0%         N/A       100%        2
 Inner Flame              Hex/Fire       0%         N/A       100%        3
 Mephitic Cloud           Conj/Pois/Air  0%         N/A       100%        3
 Portal Projectile        Hex/Tloc       0%         N/A       100%        3
 Petrify                  Tmut/Erth      0%         N/A       100%        4
 Blade Hands              Tmut           0%         N/A       100%        5
 Irradiate                Conj/Tmut      0%         3d11      100%        5
 Yara's Violent Unravell  Hex/Tmut       0%         3d3       100%        5
 Enfeeble                 Hex            0%         N/A       100%        7
 Call Imp                 Summ           Unusable   N/A       N/A         2
 Tukima's Dance           Hex            Unusable   N/A       N/A         3

Dungeon Overview and Level Annotations

Branches:
Dungeon (7/15)             Temple (1/1) D:4

Altars:
Cheibriados
Dithmenos
Elyvilon
Fedhas
Hepliaklqana
Kikubaaqudgha
Makhleb
Nemelex Xobeh
Okawaru
Qazlal
Ru
Trog
Uskayaw
Vehumet
Wu Jian
Xom
Yredelemnul
Zin
The Shining One

Shops:
D:2 [


Innate Abilities, Weirdness & Mutations

You have a pair of horns on your head.
You reflexively headbutt those who attack you in melee.


Message History

You kill the orc warrior!
Okawaru accepts your kill.
Things that are here:
a +0 long sword; a +0 chain mail; an orc corpse
Things that are here:
a +0 long sword; a +0 chain mail; an orc corpse HP restored.
You open the door.
The electric eel shoots out a bolt of lightning at you!
The bolt of electricity hits the plant!
The plant begins to die.
The bolt of electricity hits you.
There is an open door here.
The electric eel shoots out a bolt of lightning at you!
The bolt of electricity hits the plant.
The bolt of electricity hits you.
The electric eel shoots out a bolt of lightning at you!
The bolt of electricity hits the plant!
The bolt of electricity hits you!
The electric eel shoots out a bolt of lightning at you!
The bolt of electricity hits you. x2
The bolt of electricity misses the electric eel.
The electric eel shoots out a bolt of lightning at you!
The bolt of electricity hits the plant!
The bolt of electricity hits you!
The electric eel shoots out a bolt of lightning at you!
The bolt of electricity hits the plant!
The bolt of electricity hits you!
You closely miss the electric eel.
A nearby plant withers and dies.
The electric eel shoots out a bolt of lightning at you!
The bolt of electricity hits you.
* * * LOW HITPOINT WARNING * * *
The bolt of electricity hits you.
* * * LOW HITPOINT WARNING * * *
The bolt of electricity hits the electric eel.
The electric eel completely resists.
The electric eel shoots out a bolt of lightning at you!
The bolt of electricity hits you!
* * * LOW HITPOINT WARNING * * *
Unknown command.
The electric eel shoots out a bolt of lightning at you!
The bolt of electricity hits you.
* * * LOW HITPOINT WARNING * * *
The bolt of electricity hits you!
You die...

#.†##.###....# #.
#.......#.#.)### #.
#.......#.#..).# ####### #.
#.......#.#....# ###..~~~## #.
#.......#.#..#####~..####~#####.
##......#.#.##..)~~##+ ##.#....
#......#.###..##### #.#.###
##########.# ###'..##.....#.### #
#..........# #.@...#.P.PP#~# #
#.########### #.....#.~~.[#~# #
........###.# #PS..P#$..~[#~#####
........#...# #~.P~$#≈≈~≈≈#)#.##.
........#...###~!).$##≈S≈##~#....
..............#≈≈.SS######~##...#
.[......#...####≈≈≈##~)...##....#
[.......#...##.#####~######.#.#.#
........#..##..'...~####....#....


You could see 3 electric eels.

Vanquished Creatures
  Edmund (D:5)
  An ice beast (D:7)
  An orc warrior (D:5)
  A centaur (D:5)
  2 ogres
  A phantom (D:6)
  A jelly (D:5)
  3 hounds
  5 orc priests
  A sleepcap (D:5)
  2 gnoll boudas
  2 iguanas
  6 orc wizards
  7 gnolls
  7 adders
  A white imp (D:6)
  An ufetubus (D:5)
  4 worms
  4 dart slugs
  29 orcs
  10 ball pythons
  6 bats
  7 endoplasms
  8 goblins
  6 hobgoblins
  5 quokkas
  3 frilled lizards
  4 kobolds
  7 rats
136 creatures vanquished.

Vanquished Creatures (others)
  2 plants
2 creatures vanquished.

Grand Total: 138 creatures vanquished

Notes
Turn   | Place    | Note
-------+----------+-------------------------------------------
     0 | D:1      | funkygono the Minotaur Fighter began the quest for the Orb.
     0 | D:1      | Reached XP level 1. HP: 19/19 MP: 0/0
   145 | D:1      | Reached XP level 2. HP: 27/27 MP: 1/1
   330 | D:1      | Found a faded altar of an unknown god.
   938 | D:2      | Reached skill level 3 in Axes
   938 | D:2      | Reached XP level 3. HP: 24/33 MP: 2/2
  1601 | D:2      | Found Mezienya's Armour Shoppe.
  1688 | D:2      | Reached XP level 4. HP: 40/40 MP: 3/3
  1922 | D:3      | Reached skill level 4 in Axes
  2350 | D:3      | Reached XP level 5. HP: 47/47 MP: 4/4
  2427 | D:3      | Reached skill level 1 in Dodging
  2674 | D:4      | Reached skill level 5 in Axes
  2806 | D:4      | Found an ornate altar of the Wu Jian Council.
  2868 | D:4      | Noticed an ogre
  2875 | D:4      | Killed an ogre
  2876 | D:4      | Reached XP level 6. HP: 16/53 MP: 5/5
  3028 | D:4      | Found a staircase to the Ecumenical Temple.
  3041 | D:4      | Reached skill level 6 in Axes
  3092 | D:4      | You fall into a shaft and drop 3 floors!
  3105 | D:7      | Noticed an ice beast
  3118 | D:7      | Killed an ice beast
  3221 | D:6      | Reached skill level 5 in Fighting
  3236 | D:6      | Reached skill level 5 in Armour
  3239 | D:6      | Reached XP level 7. HP: 39/61 MP: 6/6
  3444 | D:6      | Reached skill level 7 in Axes
  3497 | D:6      | Found a radiant altar of Vehumet.
  3805 | D:5      | Entered Level 5 of the Dungeon
  3811 | D:5      | Reached skill level 8 in Axes
  4423 | D:4      | Reached XP level 8. HP: 65/68 MP: 7/7
  4580 | Temple   | Entered the Ecumenical Temple
  4672 | Temple   | Became a worshipper of Warmaster Okawaru
  4945 | D:5      | Reached skill level 9 in Axes
  5674 | D:5      | Noticed Edmund
  5689 | D:5      | Killed Edmund
  5972 | D:5      | HP: 3/70 [electric eel/bolt of electricity (4)]
  5972 | D:5      | Killed from afar by an electric eel

Illustrated notes

Levels and vault maps discovered:
D:1:      psy_arrival_basics, layout_loops_ring,
          chequers_ecumenical_altar_grove, serial_forest,
          infiniplex_forest_lined_3_way, infiniplex_forest_clump_long,
          infiniplex_forest_lined_2, infiniplex_forest_3_way,
          infiniplex_forest_lined_room_2, infiniplex_forest_diagonal
D:2:      layout_loops_ring, serial_shops, nicolae_shop_getting_attention,
          minmay_puff
D:3:      layout_basic, kennysheep_another_room, minmay_mini_jars
D:4:      wander_river, layout_gridville, mainiacjoe_overflow_alcove_1,
          minmay_temple_entry_wispy, cheibrodos_sewer_entry_bend
D:5:      cheibrodos_two_vegetables, layout_rooms, serial_co_window_serial,
          co_window_paths_a, co_window_of_opportunity_a,
          co_window_of_opportunity_a, co_window_corner_a, co_window_paths_b,
          co_window_2corner, co_window_corner_cb, co_window_broadway_c,
          co_window_of_opportunity_c, co_window_corner_b, co_window_broadway_c,
          co_window_broadway_a, chequers_avenue, uniq_edmund
D:6:      layout_loops_corners, pf_just_have_faith, lightli_minifort,
          uniq_crazy_yiuf_cottage
D:7:      layout_loops_corners, hangedman_decor_points, uniq_duvessa
Temple:   minmay_temple_bridge_d

Skill      XL: |  1  2  3  4  5  6  7  8 |
---------------+-------------------------+-----
Fighting       | 4 5 |  5.6
Armour         | 4 5 6 |  6.9
Axes           | 3 4 5 6 8 9 |  9.7
Shields        | 4 |  4.7
Dodging        | 1 2 |  2.0
Stealth        | |  0.2

Action                     |  1- 3 |  4- 6 |  7- 9 || total
---------------------------+-------+-------+-------++-------
  Melee: War axe           |    84 |   120 |   153 ||   357
         Headbutt          |     8 |    12 |    23 ||    43
    Use: Scroll            |       |     9 |     5 ||    14
 Armour: Scale mail        |    17 |       |       ||    17
         Chain mail        |    17 |    74 |    32 ||   123
         Plate armour      |       |       |    70 ||    70
  Dodge: Dodged            |    31 |    43 |    44 ||   118
  Block: Buckler           |    15 |    29 |    41 ||    85
